AoeStats
← Girthagoras

Four Lakes

507418105Analyzed
1v1 RM · 14d ago on Sep 18, 2026· 49m 37s· 2 players
Game mode
Random Map
Map size
Tiny (2 player)
Population
200
Speed
Normal
Resources
Standard
Victory
Conquest
Starting age
Dark Age
Ending age
Imperial Age
RankedLock teamsTeams togetherTeam positionsShared explorationLock speedFull tech treeHidden civsTurbo modeCheats
Victory
Defeat
1018
+13
🇺🇸 Teutons · United States
948
-13
Girthagoras
5:39 Loom
12:04 Feudal Age
12:46 Double-Bit Axe
12:48 Horse Collar
17:24 Castle Age
21:05 Forging
21:01 Scale Barding Armor
23:38 Wheelbarrow
23:39 Bloodlines
24:09 Iron Casting
25:58 Chain Barding Armor
26:52 Fletching
29:39 Bodkin Arrow
29:45 Padded Archer Armor
29:10 Elite Skirmisher
31:45 Leather Archer Armor
41:15 Imperial Age
43:35 Cavalier
46:04 Crenellations
Pantaleón I <Ciruja de Orleans>
7:06 Loom
10:35 Feudal Age
13:36 Wheelbarrow
17:47 Fishing Lines
18:59 Town Watch
22:02 Castle Age
20:06 Fletching
22:20 Gold Mining
22:52 Thumb Ring
22:44 Bodkin Arrow
23:11 Husbandry
23:22 Bloodlines
23:39 Town Patrol
25:19 Ballistics
26:58 Forging
26:37 Double-Bit Axe
26:35 Horse Collar
27:34 Gold Shaft Mining
28:48 Hand Cart
34:34 Imperial Age
35:39 Stone Mining
35:54 Heavy Cavalry Archer
37:02 Parthian Tactics
37:54 Chemistry
37:04 Bracer
37:06 Padded Archer Armor
38:35 Conscription
38:13 Murder Holes
39:05 Hoardings
39:23 Hoardings
39:46 Siege Engineers
40:25 Bow Saw
41:15 Cavalier
42:54 Scale Barding Armor
44:26 Chain Barding Armor
44:20 Horse Collar
45:07 Forging
47:09 Iron Casting
47:06 Kataparuto
49:12 Blast Furnace
Connection lost

Rejoining the realm…

Still unreachable

The connection could not be restored.

Session expired

The server has moved on; the page needs a fresh start.